 Dungeon Crawl Stone Soup version 0.28.0-53-g5a82cb258f (webtiles) character file.

Game seed: 5906789928872999525

2663 Nyth the Basher (level 9, -5/79 HPs)
             Began as a Minotaur Berserker on Aug 12, 2022.
             Was a Believer of Trog.
             Succumbed to Diggabert's ghost's poison
             ... on level 6 of the Dungeon.
             The game lasted 00:12:44 (6821 turns).

Nyth the Basher (Minotaur Berserker)                Turns: 6821, Time: 00:12:45

Health: -5/79      AC: 21    Str: 23    XL:     9   Next: 36%
Magic:  3/8        EV:  9    Int:  4    God:    Trog [**....]
Gold:   255        SH:  0    Dex: 13    Spells: 8/8 levels left

rFire   + . .      SeeInvis .   m - +1 flail (protect)
rCold   . . .      Faith    .   (no shield)
rNeg    . . .      Spirit   +   b - +2 chain mail {rF+}
rPois   .          Reflect  .   (helmet restricted)
rElec   .          Harm     .   (no cloak)
rCorr   .          Rampage  .   d - +0 pair of gloves
Will    .....                   (no boots)
Stlth   ..........              l - amulet of guardian spirit
HPRegen 0.23/turn               (no ring)
MPRegen 0.11/turn               (no ring)

@: lethally poisoned (-5 -> -38), under a protective aura, on berserk cooldown
A: horns 2, retaliatory headbutt
a: Renounce Religion, Berserk, Trog's Hand


You were on level 6 of the Dungeon.
You worshipped Trog.
Trog was pleased with you.
You visited 1 branch of the dungeon, and saw 6 of its levels.

You collected 255 gold pieces.

Inventory:

Hand Weapons
 a - a +0 mace
 i - a +0 flail
 m - a +1 flail of protection (weapon)
Armour
 b - a +2 chain mail of fire resistance (worn)
 d - a +0 pair of gloves (worn)
 j - a +0 ring mail
 q - the +3 ring mail of Ru's Righteous Anger {rC+ Int-3 Dex+4}
   (You found it on level 5 of the Dungeon)

   Int:       It affects your intelligence (-3).
   Dex:       It affects your dexterity (+4).
   rC:        It protects you from cold.
Jewellery
 l - an amulet of guardian spirit (around neck)
 o - an amulet of faith
Scrolls
 c - 3 scrolls of teleportation
 e - 4 scrolls of identify
 h - a scroll of amnesia
 p - a scroll of vulnerability {unknown}
 s - a scroll of holy word {unknown}
Potions
 f - 2 potions of flight
 g - 4 potions of curing
 k - a potion of magic {unknown}
 n - a potion of heal wounds
 r - a potion of might {unknown}


   Skills:
 + Level 7.6 Fighting
 + Level 10.8 Maces & Flails
 + Level 8.7 Armour
 + Level 3.4 Dodging
 + Level 1.7 Stealth


You had 8 spell levels left.
You didn't know any spells.
Your spell library contained the following spells:

 Spells                   Type           Power      Damage    Failure   Level
 Magic Dart               Conj           0%         1d3       98%         1
 Slow                     Hex            0%         N/A       98%         1
 Searing Ray              Conj           0%         2d4       99%         2
 Confusing Touch          Hex            0%         N/A       100%        3
 Gell's Gravitas          Tloc           0%         N/A       100%        3
 Ozocubu's Armour         Ice            0%         N/A       100%        3
 Teleport Other           Tloc           0%         N/A       100%        3
 Vampiric Draining        Necr           0%         2d6       100%        3
 Fulminant Prism          Conj/Hex       0%         3d6       100%        4
 Dispersal                Tloc           0%         N/A       100%        6
 Ozocubu's Refrigeration  Ice            0%         4d5       100%        7


Dungeon Overview and Level Annotations

Branches:
Dungeon (6/15)             Temple (0/1) D:4

Altars:
Cheibriados
Hepliaklqana
Okawaru
Zin
The Shining One

Shops:
D:3 *   D:6 *

Portals:
Abyss: D:6

Annotations:
D:6 1 transporter, Diggabert's ghost, novice DECj


Innate Abilities, Weirdness & Mutations

You have a pair of horns on your head.
You reflexively headbutt those who attack you in melee.


Message History

You thump Diggabert's ghost!
Your weapon exudes an aura of protection.
Diggabert's ghost is moderately damaged.
You feel sick. Diggabert's ghost casts a spell at you.
The magic dart hits you but does no damage.
You barely miss Diggabert's ghost.
Diggabert's ghost is lightly damaged.
You feel sick. Diggabert's ghost barely misses you. You furiously retaliate!
You headbutt Diggabert's ghost. You sock Diggabert's ghost!
Diggabert's ghost is moderately damaged.
You feel sick. Diggabert's ghost closely misses you.
You completely miss the green ugly thing.
Your headbutt misses the green ugly thing.
The green ugly thing is almost dead.
You feel sick. The green ugly thing headbutts you.
You are lethally poisoned!
The green ugly thing poisons you!
Diggabert's ghost points at you and mumbles some strange words.
The magic dart hits you but does no damage.
You sock the green ugly thing!
You kill the green ugly thing!
Trog accepts your kill.
* * * LOW HITPOINT WARNING * * *
You feel extremely sick.
Diggabert's ghost hits you but does no damage.
You are more poisoned.
You thump Diggabert's ghost!
Diggabert's ghost is severely damaged.
* * * LOW HITPOINT WARNING * * *
You feel extremely sick.
You barely miss Diggabert's ghost. You headbutt Diggabert's ghost!
Diggabert's ghost is almost destroyed.
* * * LOW HITPOINT WARNING * * *
You feel extremely sick.
Diggabert's ghost hits you but does no damage.
You hit Diggabert's ghost.
Diggabert's ghost is almost destroyed.
You die...

.##.....................#########
.##...........##........#
.##...###....####.......#
.##...#$##..##..####...##
.##...#..#..#5.#...##..#
.....##.##..##.##.#.#..#
.#...#..##...###...##..#
.##..#.#.##....#.W##...#
.##..##..####.##@.##...# ###
.##...###∩..###.#?###..# #..
........#..u.(.##...#..########>#
###....##).^.###...##...<.......#
#...##.^..©..^..##....#########
#..##...####.#..#....##
#..#....#.©##...##...##########
#..##©###...###..#............#
###...###.......####...########.#


You could see Diggabert's ghost.

Vanquished Creatures
  A two-headed ogre (D:6)
  An ugly thing (D:6)
  2 trolls
  Grinder (D:4)
  Edmund (D:4)
  A necrophage (D:5)
  2 sky beasts (D:6)
  A kobold brigand (D:6)
  A water moccasin zombie (D:5)
  2 scorpions
  A centaur zombie (D:6)
  A hound (D:4)
  A bullfrog skeleton (D:4)
  2 orc priests (D:4)
  2 orc wizards
  2 small abominations (D:6)
  A howler monkey skeleton (D:6)
  An adder (D:5)
  7 gnolls
  2 ufetubi (D:6)
  2 worms
  4 dart slugs
  21 orcs
  2 endoplasms
  3 giant cockroaches (D:2)
  4 hobgoblins
  3 jackals (D:2)
  3 quokkas
  8 ball pythons
  A bat (D:3)
  5 frilled lizards
  5 goblins
  A goblin zombie (D:5)
  5 kobolds
  A quokka zombie (D:5)
  3 rats
104 creatures vanquished.

Notes
Turn   | Place    | Note
-------+----------+-------------------------------------------
     0 | D:1      | Nyth the Minotaur Berserker began the quest for the Orb.
     0 | D:1      | Reached XP level 1. HP: 19/19 MP: 0/0
   556 | D:1      | Reached XP level 2. HP: 23/27 MP: 1/1
  1197 | D:2      | Found a faded altar of an unknown god.
  1205 | D:2      | Reached skill level 4 in Maces & Flails
  1719 | D:2      | Reached XP level 3. HP: 28/33 MP: 2/2
  2234 | D:3      | Reached XP level 4. HP: 39/41 MP: 3/3
  2844 | D:3      | Found an iron altar of Okawaru.
  2985 | D:3      | Found Fief's General Store.
  3261 | D:3      | Reached skill level 5 in Maces & Flails
  3388 | D:3      | Found a glowing golden altar of the Shining One.
  3485 | D:4      | Noticed Edmund
  3497 | D:4      | Killed Edmund
  3498 | D:4      | Reached skill level 5 in Fighting
  3498 | D:4      | Reached XP level 5. HP: 48/48 MP: 4/4
  3630 | D:4      | Reached skill level 1 in Stealth
  3635 | D:4      | Reached ** piety under Trog
  3881 | D:4      | Reached skill level 6 in Maces & Flails
  3922 | D:4      | Noticed Grinder
  3929 | D:4      | Killed Grinder
  3930 | D:4      | Reached XP level 6. HP: 56/56 MP: 5/5
  4151 | D:4      | Reached XP level 7. HP: 37/62 MP: 6/6
  4160 | D:4      | Reached skill level 5 in Armour
  4399 | D:4      | Found a staircase to the Ecumenical Temple.
  4515 | D:4      | Found a snail-covered altar of Cheibriados.
  4569 | D:4      | Found a hazy altar of Hepliaklqana.
  4629 | D:5      | Entered Level 5 of the Dungeon
  4661 | D:5      | Reached skill level 7 in Maces & Flails
  4715 | D:5      | Noticed a troll
  4730 | D:5      | Killed a troll
  5187 | D:5      | Identified the +3 ring mail of Ru's Righteous Anger {rC+
                  | Int-3 Dex+4}
  5293 | D:5      | Reached skill level 8 in Maces & Flails
  5293 | D:5      | Reached XP level 8. HP: 64/71 MP: 7/7
  5908 | D:6      | Noticed a two-headed ogre
  5914 | D:6      | Killed a two-headed ogre
  5915 | D:6      | Reached skill level 9 in Maces & Flails
  6092 | D:6      | Noticed a troll
  6099 | D:6      | Killed a troll
  6100 | D:6      | Reached skill level 10 in Maces & Flails
  6100 | D:6      | Reached XP level 9. HP: 46/79 MP: 5/8
  6331 | D:6      | Found a glowing silver altar of Zin.
  6331 | D:6      | Found Zin's Purification Station.
  6487 | D:6      | Found a transporter.
  6503 | D:6      | Noticed a green ugly thing
  6504 | D:6      | Found a one-way gate to the infinite horrors of the Abyss.
  6517 | D:6      | Found a transporter.
  6517 | D:6      | Noticed Diggabert's ghost (novice DECj)
  6818 | D:6      | Killed a green ugly thing
  6820 | D:6      | HP: 1/79 [poisoned by Diggabert's ghost]
  6821 | D:6      | Succumbed to Diggabert's ghost's poison

Illustrated notes

Levels and vault maps discovered:
D:1:      dpeg_arrival_lava_altar, layout_rooms
D:2:      layout_basic, basic_ecumenical_altar
D:3:      layout_loops_corners, kennysheep_okawaru_gauntlet,
          mainiacjoe_overflow_alcove_1, serial_shops, shop
D:4:      layout_cave_pools, general_overflow_altar,
          lemuel_coloured_pillars_altar, minmay_temple_entry_statues_fountains,
          uniq_edmund, uniq_grinder
D:5:      layout_gridville, enter_ossuary_4, minivault_11
D:6:      layout_loops_ring, zin_purify, gammafunk_ghost_abyssal_escape

Skill      XL: |  1  2  3  4  5  6  7  8 |
---------------+-------------------------+-----
Fighting       | 4 5 6 7 |  7.6
Maces & Flails | 4 5 6 8 10 | 10.8
Armour         | 3 4 6 8 |  8.7
Stealth        | 1 |  1.7
Dodging        | 3 |  3.4

Action                   |  1- 3 |  4- 6 |  7- 9 || total
-------------------------+-------+-------+-------++-------
Melee: Mace              |    75 |    10 |       ||    85
       Headbutt          |     6 |    10 |    26 ||    42
       Flail             |       |    68 |   136 ||   204
       Punch             |       |       |     2 ||     2
Invok: Berserk           |     1 |     3 |     4 ||     8
       Trog's Hand       |       |     1 |     4 ||     5
  Use: Scroll            |       |       |     6 ||     6
       Potion            |       |       |     8 ||     8
Armor: Animal skin       |    16 |       |       ||    16
       Chain mail        |       |    50 |   120 ||   170
Dodge: Dodged            |    62 |    54 |    66 ||   182
